Wild vs Flames

Created - 31 octobre 2023 at 17:53

Goals
1 2 3 T
Wild 3 2 4 9
Flames 0 0 1 1
Shots
1 2 3 T
Wild 9 13 11 33
Flames 6 5 14 25

GoalsPenalties
1st period
1. Wild , Clayton Keller 11 (Mikko Rantanen 8, Sidney Crosby 11) at 8:29 (PP)
2. Wild , Clayton Keller 12 (Tomas Hertl 6) at 9:32
3. Wild , Sidney Crosby 11 (Mikko Rantanen 9) at 9:52
Mikko Rantanen (MIN) for Tripping (Minor) at 2:45
Michael Stone (CAL) for Tripping (Minor) at 8:18
Matt Irwin (CAL) for Hooking (Minor) at 12:00
Gustav Nyquist (CAL) for High sticking (Minor) at 15:09
2nd period
4. Wild , Alexander Barabanov 2 (Phillip Danault 1, Erik Johnson 6) at 16:04
5. Wild , Clayton Keller 13 (Alex Killorn 9, Nic Dowd 1) at 17:47
Tyler Johnson (CAL) for Fighting (Major) at 18:18
Alex Killorn (MIN) for Fighting (Major) at 18:18
3rd period
6. Wild , Nic Dowd 2 (Eric Robinson 1, Brady Skjei 2) at 1:21
7. Flames , Eric Staal 1 (Nikita Zaitsev 2, Derek Grant 5) at 6:19
8. Wild , Clayton Keller 14 (Mikko Rantanen 10, Sidney Crosby 12) at 7:49 (PP)
9. Wild , Nic Dowd 3 (Eric Robinson 2) at 11:17
10. Wild , Phillip Danault 3 (Logan O'Connor 2) at 17:41
Matt Martin (CAL) for Fighting (Major) at 1:26
Mikko Rantanen (MIN) for Fighting (Major) at 1:26
David Krejci (CAL) for Tripping (Minor) at 6:35
Matt Martin (CAL) for Fighting (Major) at 15:02
Mikko Rantanen (MIN) for Fighting (Major) at 15:02
Matt Martin (CAL) for instigated a fight (Minor) at 15:02
Matt Martin (CAL) for instigated a fight (10 Minutes Misconduct) at 15:02
Goalie Stats
Jeremy Swayman (MIN), 24 saves from 25 shots - (0,960), W, 11-8-1, 60:00 minutes
Cam Johnson (CAL), 17 saves from 22 shots - (0,773), L, 0-5-0, 37:47 minutes
Dylan Wells (CAL), 7 saves from 11 shots - (0,636), 22:13 minutes
3 StarsOfficial
1 - Clayton Keller (MIN)
2 - Nic Dowd (MIN)
3 - Phillip Danault (MIN)
Referees : Conor O'Donnell and Eric Furlatt
Linesman : Travis Gawryletz and Justin Johnson
Game Note
9:32 of 1st period - Wild goal is going for a video replay. After video review, Goal.
Clayton Keller has scored a Hat Trick!
Dylan Wells enters game at 17:47 of 2nd period
Tyler Johnson and Alex Killorn fight to a draw at 18:18 of 2nd period
Mikko Rantanen beats up Matt Martin at 1:26 of 3rd period
Matt Martin beats up Mikko Rantanen at 15:02 of 3rd period
Finance
Level 1 -- Attendance: 4644 (76%) -- Ticket Income $464,400
Level 2 -- Attendance: 4034 (78%) -- Ticket Income $242,040
Level 3 -- Attendance: 2300 (100%) -- Ticket Income $80,500
Level 4 -- Attendance: 2981 (80%) -- Ticket Income $59,620
Luxury Box -- Attendance: 950 (90%) -- Ticket Income $190,000
Game was played at the Pengrowth Saddledome.
Total Attendance: 14909 (81%)
Total Ticket Income: $1,036,560
Other Income: $310,968
Total Income: $1,347,528



Team Name Goals Shots Shots Attemp Shots Blocked PIM HIT PP PK FO%
Wild 93360417282 / 5 (40%)061%
Flames 125411035210 / 1 (0%)239%

Wild
Player Name POS G A P +/- PIM HIT SHT SB MP PP MP PP SHT PK MP PK SHT FO% FOT GA TA
Alex KillornLW/RW0112531014:342:4200:0000% 100
Alexander BarabanovLW/RW1012023012:130:0000:0000% 010
Artemi PanarinLW0000025125:405:2300:57067% 320
Brady SkjeiD0113021024:074:5211:1800% 001
Clayton KellerLW/RW4042014018:465:0321:040100% 101
Derek ForbortD0003022118:340:0000:4100% 000
Eric RobinsonLW022200007:560:0000:0000% 020
Erik JohnsonD0111000121:260:0000:4100% 000
Jake BeanD0002000010:490:0000:0000% 000
Jakub VranaLW000201008:550:0100:2500% 000
Logan O'ConnorLW/RW0112011012:350:0100:0000% 000
Mikko RantanenC/RW03311235017:393:4820:000100% 100
Moritz SeiderD0001030025:092:3001:1800% 021
Nic DowdC213201307:560:0000:000100% 300
Phillip DanaultC1122033015:442:1800:00070% 1000
Sebastien AhoD0002001113:502:3000:0000% 000
Sidney CrosbyC1230024022:365:0300:30058% 4000
Tomas HertlC0111020019:282:3901:02040% 500
Flames
Player Name POS G A P +/- PIM HIT SHT SB MP PP MP PP SHT PK MP PK SHT FO% FOT GA TA
Alexander EdlerD000000105:581:2503:4610% 000
Ben HuttonD000-101008:460:0000:0000% 000
Brendan SmithD000-3010322:261:2503:4600% 001
Casey MittelstadtC/LW000-4043022:521:0810:480100% 120
David KrejciC000-5214017:521:0800:00033% 3001
Derek GrantC/LW011-1022121:070:5103:4000% 111
Eric StaalC1010012016:530:5100:03027% 1100
Gustav NyquistLW/RW000-4211021:361:0800:0000% 001
Jack McBainC000001209:430:0003:28163% 800
Joe VelenoC000-1024017:160:0003:51255% 1100
Matt IrwinD000-3200114:120:0000:0000% 000
Matt MartinLW/RW000-12241114:250:0002:5400% 100
Michael StoneD0001200010:570:0000:0000% 001
Nick LeddyD000-4001226:450:3403:3600% 000
Nikita ZaitsevD0111000011:430:0000:0000% 001
Olli MaattaD000-3000220:470:3403:3600% 001
Ryan ReavesRW000-2034013:570:0000:0000% 000
Tyler JohnsonC/LW/RW0000500015:160:5100:0000% 100

Wild

5 vs 5 Forward
Line #Left WingCenterRight WingPHYDFOFWanted %Time %Time Play
1Artemi PanarinSidney CrosbyMikko Rantanen0234234%17:28
2Clayton KellerTomas HertlAlex Killorn0233226%13:02
3Alexander BarabanovPhillip DanaultLogan O'Connor0232024%12:13
4Eric RobinsonNic DowdJakub Vrana023616%7:56
5 vs 5 Defense
Line #DefenseDefensePHYDFOFWanted %Time %Time Play
1Erik JohnsonMoritz Seider1224242%21:26
2Brady SkjeiDerek Forbort1223536%18:24
3Sebastien AhoJake Bean1222321%10:49
4Brady SkjeiMoritz Seider04100%0:00
Power Play Forward
Line #Left WingCenterRight WingPHYDFOFWanted %Time %Time Play
1Clayton KellerSidney CrosbyMikko Rantanen0057069%5:04
2Phillip DanaultTomas HertlAlex Killorn0143031%2:18
Power Play Defense
Line #DefenseDefensePHYDFOFWanted %Time %Time Play
1Brady SkjeiArtemi Panarin0146566%4:52
2Moritz SeiderSebastien Aho0233534%2:30
Penalty Kill 4 Players Forward
Line #CenterWingPHYDFOFWanted %Time %Time Play
1Mikko RantanenClayton Keller1406075%1:29
2Sidney CrosbyArtemi Panarin1404025%0:30
Penalty Kill 4 Players Defense
Line #DefenseDefensePHYDFOFWanted %Time %Time Play
1Brady SkjeiMoritz Seider1406066%1:18
2Erik JohnsonDerek Forbort1404034%0:41
Penalty Kill 3 Players
Line #WingPHYDFOFWanted %Time %Time PlayDefenseDefensePHYDFOFWanted %Time %Time Play
1Mikko Rantanen140600%0:00 Brady SkjeiMoritz Seider140600%0:00
2Sidney Crosby140400%0:00 Erik JohnsonDerek Forbort140400%0:00
4 vs 4 Forward
Line #CenterWingPHYDFOFWanted %Time %Time Play
1Mikko RantanenClayton Keller122650%0:00
2Sidney CrosbyArtemi Panarin122350%0:00
4 vs 4 Defense
Line #DefensePHYDFOFWanted %Time %Time Play
1Brady SkjeiMoritz Seider122600%0:00
2Erik JohnsonDerek Forbort122400%0:00
Last Minutes Offensive
Left WingCenterRight WingDefenseDefense
Clayton KellerSidney CrosbyMikko RantanenBrady SkjeiMoritz Seider
Last Minutes Defensive
Left WingCenterRight WingDefenseDefense
Clayton KellerSidney CrosbyMikko RantanenBrady SkjeiMoritz Seider
Time
Total ForwardTotal DefenseLast Minutes OffensiveLast Minutes Defensive
60:00 60:00 0:000:00
Extra Forwards
Normal PowerPlayPenalty Kill
Artemi Panarin, Tomas Hertl, Phillip DanaultArtemi Panarin, Tomas HertlArtemi Panarin
Extra Defensemen
Normal PowerPlayPenalty Kill
Moritz Seider, Brady Skjei, Erik JohnsonSebastien Aho, Sebastien AhoJake Bean
Penalty Shots
Mikko Rantanen, Sidney Crosby, Clayton Keller, Alex Killorn, Artemi Panarin
Goalie
Jeremy Swayman, Casey DeSmith
Scratches
Nils Lundkvist (Healthy)

Flames

5 vs 5 Forward
Line #Left WingCenterRight WingPHYDFOFWanted %Time %Time Play
1Casey MittelstadtDavid KrejciGustav Nyquist0143530%15:20
2Derek GrantEric StaalTyler Johnson0143030%15:24
3Matt MartinJoe VelenoRyan Reaves3112527%13:45
4Casey MittelstadtJack McBainGustav Nyquist0321012%6:10
5 vs 5 Defense
Line #DefenseDefensePHYDFOFWanted %Time %Time Play
1Nick LeddyMatt Irwin0233028%14:14
2Olli MaattaBrendan Smith0233033%16:41
3Nikita ZaitsevMichael Stone3112022%10:58
4Ben HuttonNick Leddy1312017%8:46
Power Play Forward
Line #Left WingCenterRight WingPHYDFOFWanted %Time %Time Play
1Casey MittelstadtDavid KrejciGustav Nyquist0055057%1:08
2Derek GrantEric StaalTyler Johnson0055043%0:51
Power Play Defense
Line #DefenseDefensePHYDFOFWanted %Time %Time Play
1Nick LeddyOlli Maatta0055029%0:34
2Alexander EdlerBrendan Smith0055071%1:25
Penalty Kill 4 Players Forward
Line #CenterWingPHYDFOFWanted %Time %Time Play
1Joe VelenoMatt Martin0415055%4:02
2Jack McBainDerek Grant1405045%3:20
Penalty Kill 4 Players Defense
Line #DefenseDefensePHYDFOFWanted %Time %Time Play
1Nick LeddyOlli Maatta1405049%3:36
2Alexander EdlerBrendan Smith0415051%3:46
Penalty Kill 3 Players
Line #WingPHYDFOFWanted %Time %Time PlayDefenseDefensePHYDFOFWanted %Time %Time Play
1Joe Veleno050500%0:00 Nikita ZaitsevMichael Stone050500%0:00
2Jack McBain500500%0:00 Alexander EdlerBrendan Smith500500%0:00
4 vs 4 Forward
Line #CenterWingPHYDFOFWanted %Time %Time Play
1Casey MittelstadtGustav Nyquist005500%0:00
2David KrejciDerek Grant005500%0:00
4 vs 4 Defense
Line #DefensePHYDFOFWanted %Time %Time Play
1Nick LeddyOlli Maatta005500%0:00
2Alexander EdlerBrendan Smith005500%0:00
Last Minutes Offensive
Left WingCenterRight WingDefenseDefense
Casey MittelstadtDavid KrejciGustav NyquistNick LeddyOlli Maatta
Last Minutes Defensive
Left WingCenterRight WingDefenseDefense
Casey MittelstadtDerek GrantGustav NyquistNick LeddyOlli Maatta
Time
Total ForwardTotal DefenseLast Minutes OffensiveLast Minutes Defensive
60:00 60:00 0:000:00
Extra Forwards
Normal PowerPlayPenalty Kill
Casey Mittelstadt, Gustav Nyquist, David KrejciCasey Mittelstadt, Gustav NyquistJack McBain
Extra Defensemen
Normal PowerPlayPenalty Kill
Nikita Zaitsev, Michael Stone, Ben HuttonNikita Zaitsev, Nikita ZaitsevMichael Stone
Penalty Shots
Casey Mittelstadt, Gustav Nyquist, Derek Grant, Eric Staal, David Krejci
Goalie
Cam Johnson, Dylan Wells
Scratches
Dryden Hunt (Healthy)


Play-by-Play

1st period


0:01 of 1st period - Sidney Crosby wins face-off versus David Krejci in neutral zone.
0:08 of 1st period - Wrist shot by David Krejci.
0:08 of 1st period - Shot Misses the Net.
2:13 of 1st period - Tomas Hertl is hit by Ryan Reaves and loses puck.
2:40 of 1st period - Snap shot by Tyler Johnson.
2:40 of 1st period - Deflect By Derek Grant.
2:40 of 1st period - Shot Misses the Net.
2:40 of 1st period - Puck is out of play.
2:41 of 1st period - Eric Staal wins face-off versus Sidney Crosby in Wild zone.
2:45 of 1st period - Minor Penalty to Mikko Rantanen for Tripping.
2:46 of 1st period - Artemi Panarin wins face-off versus David Krejci in Wild zone.
3:36 of 1st period - Wrist shot by Casey Mittelstadt.
3:36 of 1st period - Stopped by Jeremy Swayman without a rebound.
3:37 of 1st period - Sidney Crosby wins face-off versus Eric Staal in Wild zone.
4:45 of 1st period - Penalty to Mikko Rantanen is over, Mikko Rantanen is back on ice.
4:49 of 1st period - Eric Staal is hit by Derek Forbort and loses puck.
5:04 of 1st period - Derek Forbort is hit by Ryan Reaves and loses puck.
5:24 of 1st period - Off-side.
5:25 of 1st period - Nic Dowd wins face-off versus Jack McBain in neutral zone.
5:27 of 1st period - Off-side.
5:28 of 1st period - Jack McBain wins face-off versus Sidney Crosby in neutral zone.
7:01 of 1st period - Snap shot by Gustav Nyquist.
7:01 of 1st period - Deflect By Jack McBain.
7:01 of 1st period - Stopped by Jeremy Swayman without a rebound.
7:02 of 1st period - Sidney Crosby wins face-off versus Eric Staal in Wild zone.
7:29 of 1st period - Logan O'Connor is hit by Joe Veleno and loses puck.
7:40 of 1st period - Wrist shot by Joe Veleno.
7:40 of 1st period - Stopped by Jeremy Swayman without a rebound.
7:41 of 1st period - Sidney Crosby wins face-off versus Joe Veleno in Wild zone.
8:18 of 1st period - Minor Penalty to Michael Stone for Tripping.
8:19 of 1st period - Sidney Crosby wins face-off versus Joe Veleno in Flames zone.
8:27 of 1st period - Snap shot by Mikko Rantanen.
8:27 of 1st period - Shot Misses the Net.
8:29 of 1st period - Snap shot by Clayton Keller.
8:29 of 1st period - Goal by Clayton Keller - Wild : 1 - Flames : 0.
8:30 of 1st period - David Krejci wins face-off versus Sidney Crosby in neutral zone.
9:21 of 1st period - Ryan Reaves is hit by Brady Skjei and loses puck.
9:30 of 1st period - Snap shot by Clayton Keller.
9:30 of 1st period - Shot Blocked by Matt Irwin.
9:32 of 1st period - Slapshot by Clayton Keller.
9:32 of 1st period - Wild goal is going for a video replay.
9:32 of 1st period - The goal is good.
9:32 of 1st period - Goal by Clayton Keller - Wild : 2 - Flames : 0.
9:33 of 1st period - Sidney Crosby wins face-off versus David Krejci in neutral zone.
9:33 of 1st period - Artemi Panarin is hit by Casey Mittelstadt and loses puck.
9:42 of 1st period - Wrist shot by Mikko Rantanen.
9:42 of 1st period - Stopped by Cam Johnson with a rebound.
9:44 of 1st period - Slapshot by Mikko Rantanen.
9:44 of 1st period - Stopped by Cam Johnson without a rebound.
9:45 of 1st period - Sidney Crosby wins face-off versus David Krejci in Flames zone.
9:52 of 1st period - Snap shot by Sidney Crosby.
9:52 of 1st period - Goal by Sidney Crosby - Wild : 3 - Flames : 0.
9:53 of 1st period - Sidney Crosby wins face-off versus David Krejci in neutral zone.
10:50 of 1st period - Off-side.
10:51 of 1st period - Joe Veleno wins face-off versus Sidney Crosby in neutral zone.
10:56 of 1st period - Slapshot by Joe Veleno.
10:56 of 1st period - Shot Misses the Net.
11:12 of 1st period - Wrist shot by Joe Veleno.
11:12 of 1st period - Deflect By Ryan Reaves.
11:12 of 1st period - Shot Misses the Net.
11:12 of 1st period - Puck is out of play.
11:13 of 1st period - Phillip Danault wins face-off versus David Krejci in Wild zone.
11:46 of 1st period - Slapshot by Artemi Panarin.
11:46 of 1st period - Stopped by Cam Johnson with a rebound.
12:00 of 1st period - Minor Penalty to Matt Irwin for Hooking.
12:01 of 1st period - Jack McBain wins face-off versus Sidney Crosby in Flames zone.
12:01 of 1st period - Jack McBain is hit by Mikko Rantanen.
13:09 of 1st period - Nick Leddy is hit by Phillip Danault and loses puck.
13:54 of 1st period - Sidney Crosby is hit by Matt Martin and loses puck.
14:00 of 1st period - Penalty to Matt Irwin is over, Matt Irwin is back on ice.
14:09 of 1st period - Snap shot by Eric Staal.
14:09 of 1st period - Stopped by Jeremy Swayman without a rebound.
14:10 of 1st period - Nic Dowd wins face-off versus David Krejci in Wild zone.
14:17 of 1st period - Slapshot by Sebastien Aho.
14:17 of 1st period - Shot Misses the Net.
14:23 of 1st period - Eric Robinson is hit by Casey Mittelstadt and loses puck.
14:43 of 1st period - Snap shot by Phillip Danault.
14:43 of 1st period - Shot Misses the Net.
14:45 of 1st period - Slapshot by Sebastien Aho.
14:45 of 1st period - Stopped by Cam Johnson without a rebound.
14:46 of 1st period - David Krejci wins face-off versus Tomas Hertl in Flames zone.
14:49 of 1st period - Wrist shot by Alex Killorn.
14:49 of 1st period - Shot Misses the Net.
14:53 of 1st period - Wrist shot by Alex Killorn.
14:53 of 1st period - Shot Misses the Net.
14:55 of 1st period - Snap shot by Moritz Seider.
14:55 of 1st period - Deflect By Alex Killorn.
14:55 of 1st period - Stopped by Cam Johnson with a rebound.
15:09 of 1st period - Minor Penalty to Gustav Nyquist for High sticking.
15:10 of 1st period - Jack McBain wins face-off versus Sidney Crosby in Flames zone.
15:10 of 1st period - Jack McBain is hit by Mikko Rantanen.
15:58 of 1st period - Slapshot by Mikko Rantanen.
15:58 of 1st period - Stopped by Cam Johnson without a rebound.
15:59 of 1st period - Jack McBain wins face-off versus Tomas Hertl in Flames zone.
15:59 of 1st period - Jack McBain is hit by Tomas Hertl.
16:11 of 1st period - Wrist shot by Jack McBain.
16:11 of 1st period - Stopped by Jeremy Swayman with a rebound.
16:25 of 1st period - Brendan Smith is hit by Tomas Hertl and loses puck.
16:34 of 1st period - Snap shot by Joe Veleno.
16:34 of 1st period - Stopped by Jeremy Swayman without a rebound.
16:35 of 1st period - Sidney Crosby wins face-off versus Joe Veleno in Wild zone.
16:51 of 1st period - Olli Maatta is hit by Sidney Crosby.
17:01 of 1st period - Alex Killorn is hit by Matt Martin.
17:05 of 1st period - Matt Martin is hit by Moritz Seider and loses puck.
17:09 of 1st period - Penalty to Gustav Nyquist is over, Gustav Nyquist is back on ice.
17:33 of 1st period - Sebastien Aho is hit by Casey Mittelstadt and loses puck.
18:34 of 1st period - Casey Mittelstadt is hit by Sidney Crosby.
18:38 of 1st period - Casey Mittelstadt is hit by Mikko Rantanen and loses puck.
19:17 of 1st period - Alexander Barabanov is hit by Matt Martin and loses puck.
19:24 of 1st period - Slapshot by Phillip Danault.
19:24 of 1st period - Shot Blocked by Matt Martin.
Goals for this period are 3 for Wild vs 0 for Flames.
Shots for this period are 9 for Wild vs 6 for Flames.

2nd period


0:01 of 2nd period - Sidney Crosby wins face-off versus David Krejci in neutral zone.
0:28 of 2nd period - Matt Irwin is hit by Brady Skjei and loses puck.
1:33 of 2nd period - Erik Johnson is hit by Derek Grant and loses puck.
2:39 of 2nd period - Wrist shot by Brady Skjei.
2:39 of 2nd period - Shot Blocked by Brendan Smith.
2:41 of 2nd period - Slapshot by Derek Forbort.
2:41 of 2nd period - Shot Blocked by Brendan Smith.
2:47 of 2nd period - Snap shot by Logan O'Connor.
2:47 of 2nd period - Deflect By Phillip Danault.
2:47 of 2nd period - Stopped by Cam Johnson with a rebound.
3:47 of 2nd period - Mikko Rantanen is hit by Matt Martin and loses puck.
3:58 of 2nd period - Slapshot by Sidney Crosby.
3:58 of 2nd period - Stopped by Cam Johnson with a rebound.
4:12 of 2nd period - Wrist shot by Logan O'Connor.
4:12 of 2nd period - Stopped by Cam Johnson with a rebound.
5:08 of 2nd period - Tomas Hertl is hit by Ryan Reaves and loses puck.
5:19 of 2nd period - Snap shot by Joe Veleno.
5:19 of 2nd period - Shot Blocked by Sebastien Aho.
5:38 of 2nd period - Nikita Zaitsev is hit by Alex Killorn and loses puck.
5:59 of 2nd period - Wrist shot by Ryan Reaves.
5:59 of 2nd period - Shot Misses the Net.
6:27 of 2nd period - Backhand shot by Artemi Panarin.
6:27 of 2nd period - Stopped by Cam Johnson with a rebound.
6:29 of 2nd period - Slapshot by Derek Forbort.
6:29 of 2nd period - Stopped by Cam Johnson without a rebound.
6:30 of 2nd period - Phillip Danault wins face-off versus David Krejci in Flames zone.
6:37 of 2nd period - Backhand shot by Alexander Barabanov.
6:37 of 2nd period - Stopped by Cam Johnson with a rebound.
6:39 of 2nd period - Wrist shot by Erik Johnson.
6:39 of 2nd period - Shot Blocked by Olli Maatta.
6:41 of 2nd period - Slapshot by Phillip Danault.
6:41 of 2nd period - Shot Misses the Net.
8:07 of 2nd period - Nikita Zaitsev is hit by Nic Dowd and loses puck.
8:34 of 2nd period - Jakub Vrana is hit by Derek Grant.
8:44 of 2nd period - Jack McBain is hit by Derek Forbort and loses puck.
9:53 of 2nd period - Icing by Erik Johnson.
9:54 of 2nd period - Sidney Crosby wins face-off versus David Krejci in Wild zone.
11:05 of 2nd period - Moritz Seider is hit by David Krejci and loses puck.
11:16 of 2nd period - Jakub Vrana is hit by Jack McBain and loses puck.
11:57 of 2nd period - Wrist shot by Artemi Panarin.
11:57 of 2nd period - Shot Blocked by Nick Leddy.
12:52 of 2nd period - Joe Veleno is hit by Artemi Panarin and loses puck.
13:54 of 2nd period - Wrist shot by Artemi Panarin.
13:54 of 2nd period - Stopped by Cam Johnson with a rebound.
13:56 of 2nd period - Wrist shot by Artemi Panarin.
13:56 of 2nd period - Deflect By Mikko Rantanen.
13:56 of 2nd period - Shot Blocked by Derek Grant.
13:56 of 2nd period - Puck is out of play.
13:57 of 2nd period - Joe Veleno wins face-off versus Alex Killorn in Flames zone.
13:57 of 2nd period - Joe Veleno is hit by Clayton Keller.
14:23 of 2nd period - Erik Johnson is hit by Joe Veleno and loses puck.
14:48 of 2nd period - Slapshot by Alexander Barabanov.
14:48 of 2nd period - Stopped by Cam Johnson without a rebound.
14:49 of 2nd period - Joe Veleno wins face-off versus Artemi Panarin in Flames zone.
15:18 of 2nd period - Slapshot by Michael Stone.
15:18 of 2nd period - Shot Misses the Net.
15:20 of 2nd period - Snap shot by Joe Veleno.
15:20 of 2nd period - Stopped by Jeremy Swayman without a rebound.
15:21 of 2nd period - David Krejci wins face-off versus Phillip Danault in Wild zone.
15:48 of 2nd period - Sebastien Aho is hit by Eric Staal and loses puck.
15:55 of 2nd period - Nick Leddy is hit by Alexander Barabanov and loses puck.
16:04 of 2nd period - Slapshot by Alexander Barabanov.
16:04 of 2nd period - Deflect By Derek Grant.
16:04 of 2nd period - Goal by Alexander Barabanov - Wild : 4 - Flames : 0.
16:05 of 2nd period - Sidney Crosby wins face-off versus David Krejci in neutral zone.
16:18 of 2nd period - Wrist shot by Artemi Panarin.
16:18 of 2nd period - Shot Misses the Net.
16:20 of 2nd period - Snap shot by Artemi Panarin.
16:20 of 2nd period - Shot Misses the Net.
16:22 of 2nd period - Slapshot by Derek Forbort.
16:22 of 2nd period - Stopped by Cam Johnson with a rebound.
17:25 of 2nd period - Snap shot by Artemi Panarin.
17:25 of 2nd period - Stopped by Cam Johnson with a rebound.
17:27 of 2nd period - Snap shot by Artemi Panarin.
17:27 of 2nd period - Shot Misses the Net.
17:29 of 2nd period - Wrist shot by Artemi Panarin.
17:29 of 2nd period - Shot Blocked by Olli Maatta.
17:33 of 2nd period - Slapshot by Sidney Crosby.
17:33 of 2nd period - Stopped by Cam Johnson with a rebound.
17:47 of 2nd period - Snap shot by Clayton Keller.
17:47 of 2nd period - Goal by Clayton Keller - Wild : 5 - Flames : 0.
17:47 of 2nd period - Dylan Wells enters game.
17:48 of 2nd period - Sidney Crosby wins face-off versus Derek Grant in neutral zone.
18:11 of 2nd period - Icing by Derek Grant.
18:12 of 2nd period - Tomas Hertl wins face-off versus Eric Staal in Flames zone.
18:18 of 2nd period - Tyler Johnson and Alex Killorn fight to a draw.
18:18 of 2nd period - Penalty to Tyler Johnson for Fighting.
18:18 of 2nd period - Penalty to Alex Killorn for Fighting.
18:19 of 2nd period - David Krejci wins face-off versus Sidney Crosby in Wild zone.
18:27 of 2nd period - Off-side.
18:28 of 2nd period - David Krejci wins face-off versus Sidney Crosby in neutral zone.
18:31 of 2nd period - Mikko Rantanen is hit by Casey Mittelstadt and loses puck.
18:52 of 2nd period - Slapshot by Casey Mittelstadt.
18:52 of 2nd period - Stopped by Jeremy Swayman with a rebound.
18:54 of 2nd period - Wrist shot by Casey Mittelstadt.
18:54 of 2nd period - Shot Blocked by Artemi Panarin.
18:56 of 2nd period - Wrist shot by Gustav Nyquist.
18:56 of 2nd period - Stopped by Jeremy Swayman with a rebound.
18:58 of 2nd period - Slapshot by Casey Mittelstadt.
18:58 of 2nd period - Stopped by Jeremy Swayman without a rebound.
18:59 of 2nd period - Tomas Hertl wins face-off versus Eric Staal in Wild zone.
19:03 of 2nd period - Off-side.
19:04 of 2nd period - Eric Staal wins face-off versus Tomas Hertl in neutral zone.
19:13 of 2nd period - Snap shot by Derek Grant.
19:13 of 2nd period - Stopped by Jeremy Swayman with a rebound.
19:58 of 2nd period - Derek Grant is hit by Phillip Danault and loses puck.
Goals for this period are 2 for Wild vs 0 for Flames.
Shots for this period are 13 for Wild vs 5 for Flames.

3rd period


0:01 of 3rd period - Mikko Rantanen wins face-off versus David Krejci in neutral zone.
0:04 of 3rd period - Wrist shot by Artemi Panarin.
0:04 of 3rd period - Stopped by Dylan Wells without a rebound.
0:05 of 3rd period - Casey Mittelstadt wins face-off versus Sidney Crosby in Flames zone.
0:11 of 3rd period - Icing by Sidney Crosby.
0:12 of 3rd period - Sidney Crosby wins face-off versus David Krejci in Wild zone.
0:26 of 3rd period - Icing by Casey Mittelstadt.
0:27 of 3rd period - Sidney Crosby wins face-off versus David Krejci in Flames zone.
0:28 of 3rd period - Snap shot by Artemi Panarin.
0:28 of 3rd period - Shot Blocked by Nick Leddy.
0:54 of 3rd period - Nick Leddy is hit by Phillip Danault and loses puck.
1:21 of 3rd period - Snap shot by Nic Dowd.
1:21 of 3rd period - Goal by Nic Dowd - Wild : 6 - Flames : 0.
1:22 of 3rd period - Eric Staal wins face-off versus Sidney Crosby in neutral zone.
1:26 of 3rd period - Mikko Rantanen beats up Matt Martin.
1:26 of 3rd period - Penalty to Matt Martin for Fighting.
1:26 of 3rd period - Penalty to Mikko Rantanen for Fighting.
1:27 of 3rd period - Sidney Crosby wins face-off versus David Krejci in Wild zone.
2:21 of 3rd period - Snap shot by Joe Veleno.
2:21 of 3rd period - Shot Misses the Net.
2:23 of 3rd period - Wrist shot by Ryan Reaves.
2:23 of 3rd period - Stopped by Jeremy Swayman with a rebound.
3:24 of 3rd period - Icing by Michael Stone.
3:25 of 3rd period - Sidney Crosby wins face-off versus Jack McBain in Flames zone.
3:30 of 3rd period - Wrist shot by Sidney Crosby.
3:30 of 3rd period - Stopped by Dylan Wells without a rebound.
3:31 of 3rd period - Clayton Keller wins face-off versus Joe Veleno in Flames zone.
4:52 of 3rd period - Slapshot by Phillip Danault.
4:52 of 3rd period - Shot Misses the Net.
5:39 of 3rd period - Snap shot by Nic Dowd.
5:39 of 3rd period - Shot Misses the Net.
5:41 of 3rd period - Wrist shot by Eric Robinson.
5:41 of 3rd period - Deflect By Nic Dowd.
5:41 of 3rd period - Shot Misses the Net.
5:41 of 3rd period - Puck is out of play.
5:42 of 3rd period - Sidney Crosby wins face-off versus Eric Staal in Flames zone.
5:46 of 3rd period - Icing by Michael Stone.
5:47 of 3rd period - Sidney Crosby wins face-off versus Eric Staal in Flames zone.
6:15 of 3rd period - Snap shot by Derek Grant.
6:15 of 3rd period - Stopped by Jeremy Swayman with a rebound.
6:17 of 3rd period - Wrist shot by Nikita Zaitsev.
6:17 of 3rd period - Shot Blocked by Erik Johnson.
6:19 of 3rd period - Snap shot by Eric Staal.
6:19 of 3rd period - Goal by Eric Staal - Wild : 6 - Flames : 1.
6:20 of 3rd period - David Krejci wins face-off versus Sidney Crosby in neutral zone.
6:23 of 3rd period - Artemi Panarin is hit by Gustav Nyquist and loses puck.
6:35 of 3rd period - Minor Penalty to David Krejci for Tripping.
6:36 of 3rd period - Jack McBain wins face-off versus Sidney Crosby in Flames zone.
6:49 of 3rd period - Snap shot by Derek Grant.
6:49 of 3rd period - Shot Misses the Net.
6:51 of 3rd period - Slapshot by Alexander Edler.
6:51 of 3rd period - Stopped by Jeremy Swayman with a rebound.
6:53 of 3rd period - Snap shot by Jack McBain.
6:53 of 3rd period - Deflect By Brady Skjei.
6:53 of 3rd period - Shot Misses the Net.
6:53 of 3rd period - Puck is out of play.
6:54 of 3rd period - Joe Veleno wins face-off versus Sidney Crosby in Wild zone.
6:59 of 3rd period - Wrist shot by Joe Veleno.
6:59 of 3rd period - Stopped by Jeremy Swayman without a rebound.
7:00 of 3rd period - Joe Veleno wins face-off versus Sidney Crosby in Wild zone.
7:45 of 3rd period - Backhand shot by Sidney Crosby.
7:45 of 3rd period - Shot Misses the Net.
7:47 of 3rd period - Snap shot by Mikko Rantanen.
7:47 of 3rd period - Stopped by Dylan Wells with a rebound.
7:49 of 3rd period - Snap shot by Clayton Keller.
7:49 of 3rd period - Goal by Clayton Keller - Wild : 7 - Flames : 1.
7:50 of 3rd period - Phillip Danault wins face-off versus David Krejci in neutral zone.
8:46 of 3rd period - Nikita Zaitsev is hit by Artemi Panarin and loses puck.
8:59 of 3rd period - Casey Mittelstadt is hit by Jakub Vrana and loses puck.
9:22 of 3rd period - Wrist shot by Phillip Danault.
9:22 of 3rd period - Stopped by Dylan Wells without a rebound.
9:23 of 3rd period - Phillip Danault wins face-off versus Eric Staal in Flames zone.
9:58 of 3rd period - Slapshot by Ryan Reaves.
9:58 of 3rd period - Stopped by Jeremy Swayman without a rebound.
9:59 of 3rd period - David Krejci wins face-off versus Sidney Crosby in Wild zone.
10:26 of 3rd period - Brendan Smith is hit by Moritz Seider.
10:30 of 3rd period - Snap shot by Tomas Hertl.
10:30 of 3rd period - Shot Blocked by Brendan Smith.
10:32 of 3rd period - Snap shot by Tomas Hertl.
10:32 of 3rd period - Shot Misses the Net.
10:52 of 3rd period - Olli Maatta is hit by Logan O'Connor and loses puck.
11:15 of 3rd period - Wrist shot by Nic Dowd.
11:15 of 3rd period - Shot Misses the Net.
11:17 of 3rd period - Snap shot by Nic Dowd.
11:17 of 3rd period - Goal by Nic Dowd - Wild : 8 - Flames : 1.
11:18 of 3rd period - David Krejci wins face-off versus Sidney Crosby in neutral zone.
11:31 of 3rd period - Slapshot by Artemi Panarin.
11:31 of 3rd period - Deflect By Mikko Rantanen.
11:31 of 3rd period - Stopped by Dylan Wells without a rebound.
11:32 of 3rd period - Sidney Crosby wins face-off versus David Krejci in Flames zone.
11:33 of 3rd period - Snap shot by Artemi Panarin.
11:33 of 3rd period - Shot Misses the Net.
11:45 of 3rd period - Wrist shot by David Krejci.
11:45 of 3rd period - Stopped by Jeremy Swayman with a rebound.
11:59 of 3rd period - Eric Staal is hit by Moritz Seider and loses puck.
12:20 of 3rd period - Backhand shot by Joe Veleno.
12:20 of 3rd period - Deflect By Matt Martin.
12:20 of 3rd period - Stopped by Jeremy Swayman without a rebound.
12:21 of 3rd period - Joe Veleno wins face-off versus Phillip Danault in Wild zone.
12:22 of 3rd period - Wrist shot by Ryan Reaves.
12:22 of 3rd period - Stopped by Jeremy Swayman without a rebound.
12:23 of 3rd period - Phillip Danault wins face-off versus Matt Martin in Wild zone.
12:37 of 3rd period - Off-side.
12:38 of 3rd period - Sidney Crosby wins face-off versus David Krejci in neutral zone.
13:05 of 3rd period - Eric Staal is hit by Alex Killorn and loses puck.
13:53 of 3rd period - Off-side.
13:54 of 3rd period - Nic Dowd wins face-off versus David Krejci in neutral zone.
14:27 of 3rd period - Snap shot by Nic Dowd.
14:27 of 3rd period - Stopped by Dylan Wells without a rebound.
14:28 of 3rd period - Sidney Crosby wins face-off versus Eric Staal in Flames zone.
15:02 of 3rd period - Matt Martin beats up Mikko Rantanen.
15:02 of 3rd period - Penalty to Matt Martin for Fighting.
15:02 of 3rd period - Penalty to Mikko Rantanen for Fighting.
15:02 of 3rd period - Penalty to Matt Martin for instigated a fight.
15:02 of 3rd period - Penalty to Matt Martin for instigated a fight.
15:03 of 3rd period - Sidney Crosby wins face-off versus Jack McBain in Wild zone.
15:17 of 3rd period - Snap shot by Brady Skjei.
15:17 of 3rd period - Stopped by Dylan Wells with a rebound.
15:19 of 3rd period - Wrist shot by Sidney Crosby.
15:19 of 3rd period - Shot Misses the Net.
15:46 of 3rd period - Icing by Moritz Seider.
15:47 of 3rd period - Artemi Panarin wins face-off versus Joe Veleno in Wild zone.
16:26 of 3rd period - Jack McBain is hit by Alex Killorn and loses puck.
17:02 of 3rd period - Penalty to Matt Martin is over, Gustav Nyquist is send on ice.
17:27 of 3rd period - Backhand shot by David Krejci.
17:27 of 3rd period - Stopped by Jeremy Swayman without a rebound.
17:28 of 3rd period - David Krejci wins face-off versus Phillip Danault in Wild zone.
17:29 of 3rd period - Backhand shot by Ryan Reaves.
17:29 of 3rd period - Stopped by Jeremy Swayman with a rebound.
17:31 of 3rd period - Slapshot by David Krejci.
17:31 of 3rd period - Stopped by Jeremy Swayman without a rebound.
17:32 of 3rd period - Phillip Danault wins face-off versus David Krejci in Wild zone.
17:41 of 3rd period - Slapshot by Phillip Danault.
17:41 of 3rd period - Goal by Phillip Danault - Wild : 9 - Flames : 1.
17:42 of 3rd period - David Krejci wins face-off versus Sidney Crosby in neutral zone.
17:49 of 3rd period - Wrist shot by Gustav Nyquist.
17:49 of 3rd period - Shot Misses the Net.
17:51 of 3rd period - Snap shot by Matt Irwin.
17:51 of 3rd period - Shot Blocked by Derek Forbort.
17:53 of 3rd period - Slapshot by David Krejci.
17:53 of 3rd period - Stopped by Jeremy Swayman with a rebound.
17:55 of 3rd period - Slapshot by Casey Mittelstadt.
17:55 of 3rd period - Shot Misses the Net.
17:57 of 3rd period - Slapshot by Matt Irwin.
17:57 of 3rd period - Shot Misses the Net.
17:59 of 3rd period - Slapshot by Nick Leddy.
17:59 of 3rd period - Stopped by Jeremy Swayman with a rebound.
18:13 of 3rd period - Off-side.
18:14 of 3rd period - Phillip Danault wins face-off versus Tyler Johnson in neutral zone.
18:14 of 3rd period - Logan O'Connor is hit by Brendan Smith and loses puck.
18:41 of 3rd period - Brendan Smith is hit by Alexander Barabanov and loses puck.
19:31 of 3rd period - Tomas Hertl is hit by Ben Hutton and loses puck.
Goals for this period are 4 for Wild vs 1 for Flames.
Shots for this period are 11 for Wild vs 14 for Flames.